 Dungeon Crawl Stone Soup version 0.16.1-51-g6203257 (webtiles) character file.

517 hannobal the Cudgeler (level 7, -5/48 HPs)
             Began as a Human Wanderer on July 20, 2015.
             Slain by an ogre
             ... wielding a +0 giant club
              (18 damage)
             ... on level 3 of the Dungeon.
             The game lasted 00:17:55 (6854 turns).

hannobal the Cudgeler (Human Wanderer)              Turns: 6854, Time: 00:17:55

Health: -5/48      AC: 11    Str: 19    XL:     7   Next: 44%
Magic:  9/9        EV:  5    Int:  8    God:
Gold:   186        SH:  0    Dex: 12    Spells: 0 memorised, 8 levels left

rFire  . . .     SeeInvis .     a - +0 flail
rCold  . . .     Clarity  .     j - +1 plate armour
rNeg   + . .     SustAb   .     (no shield)
rPois  .         Gourm    .     (no helmet)
rElec  .         Spirit   .     (no cloak)
rCorr  .         Warding  +     (no gloves)
rMut   .         Stasis   .     (no boots)
MR     .....                    m - amulet of warding
Stlth  ..........               (no ring)
                                (no ring)

@: about to teleport, not resistant to hostile enchantments, extremely
unstealthy
A: no striking features
a: no special abilities


You were on level 3 of the Dungeon.
You were not hungry.

You visited 1 branch of the dungeon, and saw 4 of its levels.
You also visited: Sewer.

You collected 186 gold pieces.

Inventory:

Hand weapons
 a - a +0 flail (weapon)
 b - a +0 hunting sling
 q - a +0 trident
 w - a +0 blowgun
Missiles
 h - 74 stones (quivered)
 k - 18 bolts
 l - 21 arrows
 o - 16 bolts of flame
 r - 14 sling bullets
 v - 45 poisoned needles
Armour
 j - a +1 plate armour (worn)
Jewellery
 m - an amulet of warding (around neck)
Magical devices
 s - a wand of magic darts (15)
 A - a wand of flame (26)
Scrolls
 d - 3 scrolls of amnesia
 e - a scroll of enchant armour
 i - a scroll of identify
 u - 3 scrolls of teleportation
 y - a scroll of remove curse
Potions
 n - a potion of restore abilities
 t - a potion of haste
 z - a potion of brilliance
Books
 c - Alistair's Handbook of Poisoning

   Spells                             Type                      Level
   a - Sting                          Conjuration/Poison           1
   b - Spider Form                    Transmutation/Poison         3
Comestibles
 f - 2 bread rations
 g - a meat ration
 p - a beef jerky
 x - 2 chunks of flesh


   Skills:
 - Level 1.0 Fighting
   Level 2.0(4.9) Axes
 + Level 7.1(7.3) Maces & Flails
 - Level 0.2 Slings
 - Level 2.0 Armour
 - Level 1.0 Dodging
 - Level 1.0 Stealth
 - Level 1.0 Spellcasting
   Level 2.0 Poison Magic
 - Level 1.0 Evocations


You had 8 spell levels left.
You didn't know any spells.

Dungeon Overview and Level Annotations

Branches:
Dungeon (4/15)
 Temple: D:4-7

Altars:


Message History

You hit the ogre but do no damage.
The ogre is lightly wounded.
The ogre closely misses you.
You barely miss the ogre.
The ogre is lightly wounded.
You barely miss the ogre.
The ogre is lightly wounded.
The ogre hits you but does no damage.
You closely miss the ogre.
The ogre is lightly wounded.
The ogre hits you with a giant club!!
* * * LOW HITPOINT WARNING * * *
You are too injured to fight recklessly!
You are too injured to fight recklessly!
You are too injured to fight recklessly!
You are too injured to fight recklessly!
Read which item? (? for menu, Esc to quit)
As you read the scroll of teleportation, it crumbles to dust.
You feel strangely unstable. The ogre hits you with a giant club!!
You die...

..............#.# #.....#
..#.########.##.# #####.###
.....## #.##.# #.....# ......#
#.##.# #.###.# .....##
##'##.###.###.# ..##.#
##...#.....)...# ####.#
##.....####.##### .....#
##......O###)##.##
#.[..###........@##.#...######
....#..'........<'...........#
#....###.........##.#...####.#
##..## ##.......###.#..## #.#
###.# ##.....## #.#.######.#
....# ##...## #.......##.#
##### ##'## ###.###.##.# # #.#
#o# #.##.# # #.#####
#.###.##.#


You could see an ogre.

Vanquished Creatures
  A scorpion (D:4)
  A hound (D:3)
  An iguana (D:4)
  A giant frog skeleton (D:4)
  An orc priest (D:3)
  A worker ant (D:4)
  2 orc wizards (D:4)
  10 adders
  3 giant mites (D:3)
  4 worms
  7 giant geckos
  4 oozes
  11 orcs
  9 bats
  9 giant cockroaches
  3 goblins
  9 hobgoblins
  13 jackals
  10 giant newts
  18 kobolds
  6 quokkas
  8 rats
132 creatures vanquished.

Notes
Turn   | Place    | Note
--------------------------------------------------------------
     0 | D:1      | hannobal, the Human Wanderer, began the quest for the Orb.
     0 | D:1      | hannobal set off with: a wand of magic darts (15), a +0 mace, Alistair's Handbook of Poisoning, a +0 robe, a bread ration
     0 | D:1      | Reached XP level 1. HP: 15/15 MP: 2/2
     0 | D:1      | Identified Alistair's Handbook of Poisoning
   193 | D:1      | Reached skill level 1 in Maces & Flails
   287 | D:1      | Reached XP level 2. HP: 12/21 MP: 3/3
   804 | D:2      | Reached XP level 3. HP: 26/26 MP: 4/4
  1102 | D:2      | Reached skill level 3 in Maces & Flails
  1388 | D:2      | Reached XP level 4. HP: 28/32 MP: 5/5
  2243 | D:2      | Reached skill level 4 in Maces & Flails
  2344 | D:3      | Reached XP level 5. HP: 37/37 MP: 7/7
  2372 | D:3      | Found a glowing drain.
  2394 | Sewer    | Entered a sewer
  3788 | D:3      | Reached skill level 5 in Maces & Flails
  4122 | D:3      | Reached skill level 1 in Dodging
  4122 | D:3      | Reached XP level 6. HP: 40/43 MP: 8/8
  5266 | D:4      | Reached skill level 6 in Maces & Flails
  5599 | D:3      | Reached XP level 7. HP: 30/48 MP: 9/9
  5727 | D:4      | HP: 1/48 [iguana (8)]
  6320 | D:4      | Reached skill level 7 in Maces & Flails
  6854 | D:3      | Slain by an ogre

Action                   |  1- 3 |  4- 6 |  7- 9 || total
-------------------------+-------+-------+-------++-------
Melee: Mace              |   137 |   346 |       ||   483
       Flail             |       |    85 |   113 ||   198
 Fire: Hunting sling     |       |     9 |       ||     9
       Blowgun           |       |    10 |       ||    10
Throw: Stone             |       |     2 |     1 ||     3
  Use: Scroll            |     7 |     1 |     3 ||    11
       Potion            |     6 |     6 |     3 ||    15
 Stab: Sleeping          |     2 |       |       ||     2
  Eat: Chunk             |     2 |    11 |     3 ||    16
       Pizza             |       |     1 |     1 ||     2
       Beef jerky        |       |     1 |       ||     1
